 Dungeon Crawl Stone Soup version 0.31-a0-246-g8cbcc1cb85 (webtiles) character file.

Game seed: 11470090402708868235

138 qw the Shooter (level 5, -7/30 HPs)
             Began as a Gargoyle Hexslinger on July 12, 2023.
             Mangled by Sigmund
             ... wielding a +0 scythe
              (9 damage)
             ... on level 3 of the Dungeon.
             The game lasted 00:01:02 (1592 turns).

qw the Shooter (Gargoyle Hexslinger)                Turns: 1592, Time: 00:01:03

Health: -7/30      AC:  7    Str: 11    XL:     5   Next: 21%
Magic:  0/6        EV: 12    Int: 14    God:
Gold:   94         SH:  0    Dex: 14    Spells: 5/6 levels left

rFire   . . .        Y - +1 sling
rCold   . . .        (no shield)
rNeg    + . .        c - +0 robe
rPois   inf          k - +0 helmet
rElec   +            (no cloak)
rCorr   .            (no gloves)
SInv    .            (no boots)
Will    .....        e - amulet of guardian spirit
Stlth   +            (no ring)
HPRegen 0.25/turn    (no ring)
MPRegen 0.10/turn

%: guardian spirit
@: no status effects
A: sickness immunity, AC +4, negative energy resistance 1, electricity
resistance, torment resistance 1, petrification resistance
a: no special abilities


You were on level 3 of the Dungeon.
You visited 1 branch of the dungeon, and saw 3 of its levels.

You collected 94 gold pieces.


Innate Abilities, Weirdness & Mutations

You are immune to sickness and miasma.
Your stone body is resilient. (AC +4)
You are immune to poison.
You resist negative energy. (rN+)
You are resistant to electric shocks. (rElec)
You are resistant to unholy torment.
You are immune to petrification.


   Skills:
 - Level 2.2 Fighting
 + Level 4.9 Ranged Weapons
 - Level 1.5 Dodging
 - Level 1.0 Spellcasting
 - Level 2.6 Hexes


You had 5 spell levels left.
You knew the following spells:

 Your Spells              Type           Power      Damage    Failure   Level
a - Slow                  Hex            32%        N/A       9%          1

Your spell library contained the following spells:

 Spells                   Type           Power      Damage    Failure   Level
 Inner Flame              Hex/Fire       4%         N/A       41%         3
 Portal Projectile        Hex/Tloc       8%         N/A       41%         3
 Cause Fear               Hex            4%         N/A       65%         4

Inventory:

Hand Weapons
 Y - a +1 sling (weapon)
Armour
 c - a +0 robe (worn)
 g - a +0 pair of gloves
 h - a +0 leather armour
 k - a +0 helmet (worn)
 l - a +0 ring mail
Jewellery
 e - an amulet of guardian spirit (around neck)
Scrolls
 a - a scroll of fog {unknown}
 f - a scroll of identify
Potions
 b - a potion of curing {unknown}
 d - a potion of haste {unknown}
 i - a potion of magic {unknown}
 j - a potion of berserk rage {unknown}
 m - a potion of enlightenment {unknown}
 n - a potion of cancellation {unknown}

Dungeon Overview and Level Annotations

Branches:
Dungeon (3/15)

Altars:
Qazlal

Annotations:
D:3 Sigmund


Message History

Sigmund hits you but does no damage.
You shoot a sling bullet. The sling bullet barely misses Sigmund.
Sigmund hits you from afar with a +0 scythe.
You shoot a sling bullet. The sling bullet barely misses Sigmund.
Sigmund barely misses you.
You shoot a sling bullet.
The sling bullet closely misses Sigmund.
You shoot a sling bullet. The sling bullet barely misses Sigmund.
Sigmund misses you.
You shoot a sling bullet. The sling bullet hits Sigmund.
Sigmund is moderately wounded.
Sigmund gestures at you while chanting. You resist with some effort.
You shoot a sling bullet.
The sling bullet closely misses Sigmund.
Sigmund casts a spell at you. The magic dart hits you.
You shoot a sling bullet.
The sling bullet closely misses Sigmund.
Sigmund casts a spell at you.
You are confused.
Sigmund closely misses you. Sigmund closely misses you.
Sigmund gestures at you while chanting. You resist with some effort.
Sigmund misses you.
You feel less confused. Sigmund casts a spell at you. The magic dart hits you.
You shoot a sling bullet. The sling bullet barely misses Sigmund.
Sigmund hits you but does no damage.
You shoot a sling bullet. The sling bullet hits Sigmund.
Sigmund is heavily wounded.
Sigmund hits you from afar with a +0 scythe.
You shoot a sling bullet.
The sling bullet closely misses Sigmund.
You shoot a sling bullet.
The sling bullet closely misses Sigmund.
Sigmund hits you from afar with a +0 scythe!
You die...

...## .... ...# ...#
...# ......... ##@..#
.........
###.%..#..##........
##..@.....# #........
##...#..#...##........
##...........##........
#...#......#..#........
#.............#........
#.....................#
#...#......#....#######
#.)..........#..#......
##....#..#........#####


You could see Sigmund.

Vanquished Creatures
  Terence (D:3)
  5 adders
  3 worms
  6 bats
  An endoplasm (D:2)
  4 giant cockroaches
  3 goblins (D:2)
  11 hobgoblins
  6 jackals
  3 ball pythons
  5 frilled lizards
  6 kobolds
  5 rats
59 creatures vanquished.

Notes
Turn   | Place    | Note
-------+----------+-------------------------------------------
     0 | D:1      | qw the Gargoyle Hexslinger began the quest for the Orb.
     0 | D:1      | Reached XP level 1. HP: 12/12 MP: 2/2
     0 | D:1      | 0 ||| qw: Version: 0.3-a-52-g30416fa
     0 | D:1      | 0 ||| qw: Game counter: 6550
     0 | D:1      | 0 ||| qw: Melee chars always use a shield: true
     0 | D:1      | 0 ||| qw: God list: Okawaru
     0 | D:1      | 0 ||| qw: Allow faded altars: false
     0 | D:1      | 0 ||| qw: Do Orc after clearing Dungeon:15 true
     0 | D:1      | 0 ||| qw: Do second Lair branch before Depths: true
     0 | D:1      | 0 ||| qw: Lair rune preference: random
     0 | D:1      | 0 ||| qw: Goals: Normal
     0 | D:1      | 0 ||| PLANNING D:1-11
   179 | D:1      | Reached XP level 2. HP: 16/16 MP: 3/3
   384 | D:1      | Reached skill level 3 in Ranged Weapons
   516 | D:1      | 516 ||| UPGRADING to +0 helmet.
   521 | D:1      | 521 ||| UPGRADING to amulet of guardian spirit.
   526 | D:1      | 526 ||| READING scroll labelled CUASILI KUPENT.
   527 | D:1      | 527 ||| READING scroll labelled MAUHAR NONOESM.
   528 | D:1      | 528 ||| READING scroll labelled LEUNWI KEI.
   529 | D:1      | 529 ||| DRINKING 2 dark potions.
   530 | D:1      | 530 ||| DROPPING scroll of poison.
   531 | D:1      | 531 ||| DROPPING potion of attraction.
   549 | D:2      | 549 ||| STAIRDANCE
   571 | D:1      | Reached XP level 3. HP: 18/21 MP: 2/4
   653 | D:2      | HP: 3/21 [worm (6)]
   659 | D:2      | HP: 2/21 [rat (2)]
   797 | D:2      | Found a faded altar of an unknown god.
   879 | D:2      | Reached XP level 4. HP: 11/26 MP: 3/5
  1118 | D:2      | Reached skill level 4 in Ranged Weapons
  1221 | D:2      | 1221 ||| READING scroll labelled BABIAC ASHREO.
  1293 | D:3      | Found a stormy altar of Qazlal.
  1319 | D:3      | Noticed Terence
  1338 | D:3      | Killed Terence
  1495 | D:3      | Reached XP level 5. HP: 30/30 MP: 6/6
  1561 | D:3      | Noticed Sigmund
  1576 | D:3      | HP: 7/30 [Sigmund/+0 scythe (3)]
  1581 | D:3      | HP: 3/30 [Sigmund/magic dart (5)]
  1588 | D:3      | HP: 4/30 [Sigmund/magic dart (1)]
  1592 | D:3      | Mangled by Sigmund

Levels and vault maps discovered:
D:1:      minmay_arrival_nine_rooms, layout_basic, serial_bayou_crossing
D:2:      layout_rooms, dreamdust_ecumenical_altar_angels_and_demons
D:3:      layout_rooms, grunt_qazlal_clouds, hangedman_decor_growths,
          minmay_misc_feat_plants, uniq_terence, uniq_sigmund,
          uniq_crazy_yiuf_cottage

Skill      XL: |  1  2  3  4 |
---------------+-------------+-----
Ranged Weapons | 3 4 |  4.9
Fighting       | 2 |  2.2
Dodging        | |  1.5
Spellcasting   | |  1.0
Hexes          | |  2.6

Action                     |  1- 3 |  4- 6 || total
---------------------------+-------+-------++-------
   Fire: Sling             |   149 |   128 ||   277
    Use: Scroll            |     3 |     1 ||     4
         Potion            |     1 |       ||     1
 Armour: Robe              |    37 |    35 ||    72
  Dodge: Dodged            |    58 |    77 ||   135

Table legend:
 A = Non-vault XP
 B = Vault XP
 C = Vault XP percentage of total XP
 D = Non-vault monster count
 E = Vault monster count
 F = Vault count percentage of total count
                 A         B        C        D         E       F
            +---------+---------+-------+---------+---------+-------
      Total |     162 |      36 |  18.2 |      58 |       1 |   1.7
            +---------+---------+-------+---------+---------+-------
        D:1 |      40 |       0 |   0.0 |      19 |       0 |   0.0
        D:2 |      65 |       0 |   0.0 |      22 |       0 |   0.0
        D:3 |      57 |      36 |  38.7 |      17 |       1 |   5.6
            +---------+---------+-------+---------+---------+-------
